 Dungeon Crawl Stone Soup version 0.26-a0-466-g989023b (webtiles) character file.

Game seed: 14123034826043461166

1936 Ayyar the Chucker (level 8, -1/78 HPs)
             Began as a Troll Brigand on July 29, 2020.
             Was a Priest of Makhleb.
             Slain by a wraith (12 damage)
             ... on level 8 of the Dungeon.
             The game lasted 00:30:39 (5799 turns).

Ayyar the Chucker (Troll Brigand)                   Turns: 5799, Time: 00:30:39

Health: -1/78      AC:  9    Str: 20 (22) XL:     8   Next: 97%
Magic:  10/10      EV:  8    Int:  5 (7)  God:    Makhleb [***...]
Gold:   353        SH:  6    Dex:  9 (11) Spells: 7/7 levels left

rFire    x . .     SeeInvis .   s - +1 morningstar
rCold    + . .     Faith    .   D - +0 kite shield
rNeg     . . .     Spirit   .   f - +2 robe {MR+}
rPois    +         Reflect  .   (helmet restricted)
rElec    .         Harm     .   c - +0 cloak
rCorr    .                      (gloves unavailable)
MR       +....                  (boots unavailable)
Stlth    ++........             (no amulet)
HPRegen  0.63/turn              H - ring of ice
MPRegen  0.12/turn              t - ring of poison resistance

@: mighty, stab, flying, slowed, very slow
A: large, unfitting armour, claws 3, regeneration 1, shaggy fur 1, tough skin 3
a: Minor Destruction, Lesser Servant of Makhleb, Renounce Religion


You were on level 8 of the Dungeon.
You worshipped Makhleb.
Makhleb was most pleased with you.
You visited 1 branch of the dungeon, and saw 8 of its levels.

You collected 513 gold pieces.
You spent 160 gold pieces at shops.

Inventory:

Hand Weapons
 a - a +2 dagger
 s - a +1 morningstar (weapon)
Missiles
 d - 25 poisoned darts (quivered)
 e - 2 curare-tipped darts
 I - 23 bolts
 J - 4 silver javelins
Armour
 c - a +0 cloak (worn)
 f - a +2 robe of magic resistance (worn)
 D - a +0 kite shield (worn)
Jewellery
 t - a ring of poison resistance (right claw)
 H - a ring of ice (left claw)
Wands
 u - a wand of disintegration (21)
 v - a wand of paralysis (9)
 E - a wand of random effects (14)
 F - a wand of enslavement (12)
Scrolls
 b - 4 scrolls of blinking
 j - a scroll of noise {unknown}
 k - 10 scrolls of teleportation
 o - a scroll of enchant weapon
 p - 4 scrolls of remove curse
 w - a scroll of identify
 x - 2 scrolls of magic mapping
 y - a scroll of holy word
 z - a scroll of enchant armour
 A - a scroll of immolation
 B - a scroll of fog
Potions
 g - a potion of lignification {unknown}
 h - a potion of degeneration
 i - a potion of curing
 l - a potion of flight
 m - a potion of might
 n - 2 potions of magic {unknown}
 q - a potion of brilliance {unknown}
 r - a potion of mutation {unknown}
 C - 2 potions of stabbing
 G - a potion of cancellation {unknown}


   Skills:
 + Level 4.2 Fighting
 - Level 2.3 Short Blades
 + Level 3.6 Maces & Flails
 + Level 4.6 Throwing
 + Level 3.8 Armour
 + Level 3.9 Dodging
 - Level 2.1 Stealth
 + Level 0.0 Shields
 - Level 4.0 Invocations


You had 7 spell levels left.
You didn't know any spells.
Your spell library contained the following spells:

 Spells                   Type           Power        Failure   Level
 Confusing Touch          Hex            #.......     100%        3
 Gell's Gravitas          Tloc           #.........   100%        3
 Petrify                  Tmut/Erth      #.......     100%        4
 Metabolic Englaciation   Hex/Ice        #.........   100%        5
 Yara's Violent Unravell  Hex/Tmut       #.........   100%        5


Dungeon Overview and Level Annotations

Branches:
Dungeon (8/15)             Temple (0/1) D:7
   Lair: D:8-11

Altars:
Dithmenos
Gozag
Hepliaklqana
Kikubaaqudgha
Makhleb
Trog
Uskayaw
Wu Jian

Shops:
D:4 *

Annotations:
D:6 3 runed translucent doors, Caerwyn's ghost, novice HOFi


Innate Abilities, Weirdness & Mutations

You are too large for most types of armour.
You have claws for hands.
Your natural rate of healing is unusually fast.
You are covered in fur. (AC +1)
You have extremely tough skin. (AC +3)


Message History

* * * LOW HITPOINT WARNING * * *
The wraith drains your vigour!
You feel yourself slow down.
You feel better. You block the wraith's attack. x2
It was a potion of stabbing.
You feel ready to backstab. The wraith hits you.
* * * LOW HITPOINT WARNING * * *
The wraith drains your vigour!
You feel as though you will be slow longer.
It was a potion of degeneration.
There was something very wrong with that liquid.
You feel weakened.
You feel dopey.
You feel clumsy. You block the wraith's attack. x2
It was a potion of flight.
You feel very buoyant.
You fly up into the air.
The wraith hits you but does no damage.
It was a potion of might.
You feel very mighty all of a sudden. The wraith barely misses you.
The wraith hits you!
You die...

### ## # ###..
.#
..###...#####K#
....#.#.....#.#
#........##@#.#
#......##W#.#
#....(.C..#
###.#.....#
#[.(#.....#
#?....#.....#
#.....#.......#
.....####.######
...#. ..#


You could see a cyclops and a wraith.

Vanquished Creatures
  Grinder (D:5)
  Sigmund (D:4)
  Menkaure (D:4)
  An orc warrior (D:6)
  2 ogres (D:6)
  A phantom (D:5)
  A centaur (D:5)
  3 bullfrogs
  A scorpion (D:7)
  A howler monkey (D:5)
  A bullfrog zombie (D:5)
  A hound (D:7)
  A jelly (D:7)
  An orc wizard (D:3)
  An orc priest (D:6)
  A bullfrog skeleton (D:5)
  3 centaur skeletons
  2 iguanas (D:5)
  Natasha (D:4)
  5 worker ants
  3 gnolls (D:8)
  12 adders
  A shadow imp (D:6)
  4 white imps
  2 ufetubi
  An adder skeleton (D:6)
  2 adder zombies
  3 worms
  3 dart slugs
  A leopard gecko (D:6)
  15 orcs
  5 giant cockroaches
  5 hobgoblins
  3 jackals (D:1)
  6 kobolds
  2 quokkas
  A ball python (D:4)
  9 bats
  2 frilled lizards
  13 goblins
  A leopard gecko skeleton (D:5)
  9 rats
133 creatures vanquished.

Notes
Turn   | Place    | Note
-------+----------+-------------------------------------------
     0 | D:1      | Ayyar the Troll Brigand began the quest for the Orb.
     0 | D:1      | Reached XP level 1. HP: 19/19 MP: 0/0
   168 | D:1      | Reached skill level 1 in Dodging
   179 | D:1      | Reached XP level 2. HP: 28/28 MP: 1/1
   856 | D:2      | Reached XP level 3. HP: 35/35 MP: 2/2
   879 | D:2      | Found a hazy altar of Hepliaklqana.
   967 | D:2      | Found a burning altar of Makhleb.
   977 | D:2      | Became a worshipper of Makhleb the Destroyer
  1123 | D:2      | Reached skill level 1 in Armour
  1221 | D:2      | Found an ornate altar of the Wu Jian Council.
  1238 | D:2      | Reached XP level 4. HP: 40/42 MP: 3/3
  1310 | D:2      | Reached skill level 1 in Invocations
  1608 | D:3      | Reached * piety under Makhleb
  1748 | D:3      | Reached XP level 5. HP: 47/49 MP: 5/5
  2541 | D:4      | Found Ter Otwi's Assorted Antiques.
  2569 | D:4      | Noticed Sigmund
  2701 | D:4      | Noticed Menkaure
  2713 | D:4      | Killed Menkaure
  2713 | D:4      | Reached XP level 6. HP: 57/59 MP: 6/6
  2713 | D:4      | Noticed Natasha
  2806 | D:4      | Killed Sigmund
  2806 | D:4      | Reached skill level 1 in Maces & Flails
  2810 | D:4      | Killed Natasha
  3035 | D:4      | Found an opulent altar of Gozag.
  3118 | D:4      | Bought a scroll labeled FAFOAM VULE for 20 gold pieces
  3118 | D:4      | Bought a scroll labeled YSOUWI XIHAGGE for 20 gold pieces
  3118 | D:4      | Bought a scroll labeled TEAD QY HENUSO for 20 gold pieces
  3118 | D:4      | Bought a scroll labeled PUSKUO NERHOIT for 20 gold pieces
  3118 | D:4      | Bought a scroll labeled YSOUWI XIHAGGE for 20 gold pieces
  3118 | D:4      | Bought a scroll labeled PUSKUO NERHOIT for 20 gold pieces
  3118 | D:4      | Bought a scroll labeled YGUZIDOLUNI for 20 gold pieces
  3118 | D:4      | Bought a scroll labeled YGUZIDOLUNI for 20 gold pieces
  3145 | D:5      | Entered Level 5 of the Dungeon
  3232 | D:5      | Reached XP level 7. HP: 62/66 MP: 8/8
  3302 | D:5      | Reached ** piety under Makhleb
  3510 | D:5      | Noticed Grinder
  3518 | D:5      | Killed Grinder
  3545 | D:5      | Found a shadowy altar of Dithmenos.
  3611 | D:5      | Found a shadowy altar of Dithmenos.
  3734 | D:5      | Reached XP level 8. HP: 75/75 MP: 8/10
  4169 | D:6      | Found a bloodstained altar of Trog.
  4175 | D:6      | Found a hide-covered altar of Uskayaw.
  4394 | D:6      | Found a runed translucent gate.
  4394 | D:6      | Found a runed translucent gate.
  4394 | D:6      | Found a runed translucent gate.
  4395 | D:6      | Noticed Caerwyn's ghost (novice HOFi)
  4395 | D:6      | Identified the +9 short sword of Sufficient Defence {chaos,
                  | *Rage Int+3 Dex+8}
  4504 | D:6      | Found an ancient bone altar of Kikubaaqudgha.
  5160 | D:7      | Reached *** piety under Makhleb
  5249 | D:7      | Found a staircase to the Ecumenical Temple.
  5776 | D:8      | Noticed a hippogriff
  5783 | D:8      | HP: 3/78 [orc warrior/cursed -1 dire flail (20)]
  5786 | D:8      | Noticed a cyclops
  5793 | D:8      | HP: 2/78 [wraith (8)]
  5799 | D:8      | Slain by a wraith

Illustrated notes

Levels and vault maps discovered:
D:1:      nagdon_arrival_double_spiral, layout_loops_cross
D:2:      layout_basic, lemuel_round_altar, lemuel_crystal_altar,
          lemuel_crystal_altar
D:3:      layout_basic, grunt_ministairs_6, kennysheep_crisscross
D:4:      layout_cave_pools, nicolae_gozag_cash_rules_everything_around_me,
          serial_shops, shop_fountains, minmay_misc_feat_rows, uniq_menkaure,
          uniq_sigmund, uniq_natasha
D:5:      layout_loops_ring, nicolae_dithmenos_the_darkroom, basic_altar,
          uniq_grinder
D:6:      layout_basic, nicolae_overflow_hidden_temple, basic_altar,
          gammafunk_ghost_nasty_kobolds
D:7:      layout_rooms, minmay_temple_entry_drinking_statues
D:8:      minmay_diamond_stairs, layout_loops_corners,
          minmay_overflow_temple_star_quad, uniq_gastronok

Skill      XL: |  1  2  3  4  5  6  7  8 |
---------------+-------------------------+-----
Dodging        | 1 2 3 |  3.9
Throwing       | 2 3 4 |  4.6
Short Blades   | 2 |  2.3
Fighting       | 2 3 4 |  4.2
Armour         | 1 2 3 |  3.8
Invocations    | 1 2 3 4 |  4.0
Maces & Flails | 1 2 3 |  3.6
Stealth        | |  2.1

Action                   |  1- 3 |  4- 6 |  7- 9 || total
-------------------------+-------+-------+-------++-------
Melee: Dagger            |   155 |    77 |       ||   232
       Morningstar       |       |    42 |   227 ||   269
Throw: Dart              |       |   101 |    76 ||   177
Evoke: Wand              |       |       |     2 ||     2
  Use: Scroll            |       |     7 |     6 ||    13
       Potion            |       |       |     8 ||     8
 Stab: Sleeping          |     8 |     2 |     1 ||    11
       Paralysed         |       |       |     3 ||     3
Armor: Robe              |    80 |    58 |   117 ||   255
Dodge: Dodged            |    74 |    74 |   152 ||   300
Block: Kite shield       |       |       |     5 ||     5

Table legend: (Time is in decaauts)
 A = Elapsed time spent in this place.
 B = Non-inter-level travel time spent in this place.
 C = Inter-level travel time spent in this place.
 D = Time resting spent in this place.
 E = Time spent auto-exploring this place.
 F = Levels seen in this place.
 G = Mean time per level.
                   A        B        C        D        E       F      G
               +--------+--------+--------+--------+--------+-----+--------+
         Total |   5850 |   5642 |    208 |    151 |   4174 |   8 |  731.2 |
       Dungeon |   5850 |   5642 |    208 |    151 |   4174 |   8 |  731.2 |
               +--------+--------+--------+--------+--------+-----+--------+

Top non-repeatable levels by time:
     D:6: 1064 daAuts
     D:5: 998 daAuts
     D:3: 948 daAuts
     D:1: 809 daAuts
     D:2: 760 daAuts
     D:4: 606 daAuts
     D:7: 499 daAuts
     D:8: 163 daAuts
